 Dungeon Crawl Stone Soup version 0.20-a0-1039-gf554463 (webtiles) character file.

4 Gorglomux the Grasshopper (level 1, 0/16 HPs)
             Began as a Formicid Warper on Apr 22, 2017.
             Slain by a frilled lizard (1 damage)
             ... on level 1 of the Dungeon.
             The game lasted 00:00:33 (40 turns).

Gorglomux the Grasshopper (Formicid Warper)           Turns: 40, Time: 00:00:34

Health: 0/16       AC:  3    Str: 15    XL:     1   Next: 77%
Magic:  3/3        EV: 11    Int: 12    God:
Gold:   0          SH:  0    Dex: 10    Spells: 4/4 levels left

rFire    . . .     SeeInvis +   a - +0 mace
rCold    . . .     Gourm    .   (no shield)
rNeg     . . .     Faith    .   b - +0 leather armour
rPois    .         Spirit   .   (helmet unavailable)
rElec    .         Reflect  .   (no cloak)
rCorr    .         Harm     .   (no gloves)
MR       .....                  (no boots)
Stlth    +.........             (no amulet)
Regen    0.1/turn               (no ring)
MPRegen  0.1/turn               (no ring)

@: no status effects
A: permanent stasis, dig shafts and tunnels, four strong arms, antennae 3
a: Dig, Shaft Self


You were on level 1 of the Dungeon.
You were not hungry.

You visited 1 branch of the dungeon, and saw 1 of its levels.

Inventory:

Hand Weapons
 a - a +0 mace (weapon)
Missiles
 e - 5 tomahawks of dispersal {=f}
Armour
 b - a +0 leather armour (worn)
Scrolls
 d - a scroll of blinking {!r}
 h - 2 scrolls of remove curse {unknown}
Books
 c - a book of Spatial Translocations
Comestibles
 f - a bread ration {@e1@e1}
 g - 3 chunks of flesh {@w0@w0}


   Skills:
 - Level 2.1 Fighting
 + Level 2.4 Maces & Flails
 - Level 1.0 Throwing
 - Level 1.1 Armour
 - Level 1.7 Dodging
 - Level 2.1 Spellcasting
   Level 2.6 Translocations


You had 4 spell levels left.
You didn't know any spells.

Dungeon Overview and Level Annotations

Branches:
Dungeon (1/15)

Altars:


Innate Abilities, Weirdness & Mutations

You cannot be hasted, slowed, berserked, paralysed or teleported.
You can dig through walls and to a lower floor.
Your four strong arms can wield two-handed weapons with a shield.
You have a pair of large antennae on your head. (SInv)


Message History

Welcome, Gorglomux the Formicid Warper.
Will you prevail where others failed? Will you find the Orb of Zot?
Found 2 scrolls labeled IFRING WYOLIT.
Found a staircase leading out of the dungeon.
Found a stone staircase leading down.
A bat comes into view.
A bat is nearby!
A bat is nearby!
A leopard gecko comes into view.
The leopard gecko hisses angrily.
You barely miss the bat. The bat misses you.
You hit the bat.
You kill the bat!
You see here a bat corpse.
You closely miss the leopard gecko. The leopard gecko closely misses you.
The leopard gecko barely misses you.
You closely miss the leopard gecko. The leopard gecko closely misses you.
The leopard gecko bites you.
You take 3 damage, and have 13/16 hp.
You barely miss the leopard gecko. The leopard gecko barely misses you.
You sock the leopard gecko!
You kill the leopard gecko!
No target in view!
You see here a leopard gecko corpse.
No target in view!
There isn't anything here!
You see here a leopard gecko corpse.
You butcher the leopard gecko corpse.
g - 2 chunks of flesh {@w0@w0} You see here a leopard gecko skeleton.
You see here a bat corpse.
You butcher the bat corpse.
g - 3 chunks of flesh {@w0@w0} (gained 1)
You see here a bat skeleton.
h - 2 scrolls labeled IFRING WYOLIT A rat and a goblin come into view.
The goblin shouts!
There are monsters nearby!
There are monsters nearby!
There are monsters nearby!
You see here 7 gold pieces.
The rat closely misses you. The goblin hits you but does no damage.
You completely miss the goblin. The rat bites you.
The goblin barely misses you. The rat bites you.
The goblin hits you but does no damage.
A frilled lizard comes into view.
You take 5 damage, and have 9/16 hp.
MASSIVE DAMAGE!!
You are too injured to fight recklessly!
You are too injured to fight recklessly!
You are too injured to fight recklessly!
The frilled lizard hisses angrily.
You hit the goblin. The rat bites you but does no damage.
The goblin barely misses you.
You closely miss the goblin. The rat misses you.
The goblin hits you but does no damage.
You barely miss the goblin. The rat misses you.
The goblin hits you but does no damage. The rat barely misses you.
The goblin barely misses you.
You hit the goblin.
You kill the goblin!
The rat bites you but does no damage. The frilled lizard barely misses you.
The rat closely misses you.
You see here a dagger.
The frilled lizard closely misses you. The rat bites you but does no damage.
You miss the frilled lizard. The frilled lizard bites you. The rat bites you.
You take 3 damage, and have 6/16 hp.
You hit the rat. The frilled lizard barely misses you.
The rat bites you but does no damage. The frilled lizard bites you.
The rat bites you.
* * * LOW HITPOINT WARNING * * *
You miss the frilled lizard. The frilled lizard barely misses you.
The rat misses you.
You hit the rat. The frilled lizard bites you.
* * * LOW HITPOINT WARNING * * *
The rat barely misses you.
You closely miss the frilled lizard.
The frilled lizard bites you but does no damage.
The rat barely misses you.
The frilled lizard bites you but does no damage.
You take 3 damage, and have 3/16 hp.
You hit the rat.
You kill the rat!
The frilled lizard bites you.
* * * LOW HITPOINT WARNING * * *
You take 2 damage, and have 1/16 hp.
Unknown command.
You barely miss the frilled lizard. The frilled lizard bites you.
You die...

#..### ....# ....#
...# ...######
#........
######........
#.....@l.# #...#
#.....)..# #...#
#........# #...#
####.....# +...#
####...$.# #...#
.........# #...#
...###...#######...#
... #..........<..#
..
#....รทรท...........


You could see a frilled lizard.

Vanquished Creatures
  A leopard gecko (D:1)
  A goblin (D:1)
  A bat (D:1)
  A rat (D:1)
4 creatures vanquished.

Notes
Turn   | Place    | Note
-------+----------+-------------------------------------------
     0 | D:1      | Gorglomux the Formicid Warper began the quest for the Orb.
     0 | D:1      | Reached XP level 1. HP: 16/16 MP: 3/3
    35 | D:1      | HP: 4/16 [rat (1)]
    39 | D:1      | HP: 1/16 [frilled lizard (2)]
    40 | D:1      | Slain by a frilled lizard

Vault maps used:
D:1:      minmay_arrival_stone_box, minmay_pentomino_s4

Action                   || total
-------------------------++-------
Melee: Mace              ||    18
Armor: Leather armour    ||     8
Dodge: Dodged            ||    20

Vault maps used:
D:1:      minmay_arrival_stone_box, minmay_pentomino_s4

Table legend:
 A = Turns spent in this place as a percentage of turns spent in the entire game.
 B = Non-inter-level travel turns spent in this place as a percentage of non-inter-level travel turns spent in the entire game.
 C = Inter-level travel turns spent in this place as a percentage of turns spent in this place.
 D = Turns resting spent in this place as a percentage of non-inter-level travel turns spent in this place.
 E = Turns spent auto-exploring this place as a percentage of non-inter-level travel turns spent in this place.
 F = Non-inter-level travel turns spent in this place divided by the number of levels of this place that you've seen.
                   A       B       C       D       E      F
               +-------+-------+-------+-------+-------+----------------------
         Total | 100.0 | 100.0 |   0.0 |   0.0 |   8.5 |  47.0
       Dungeon | 100.0 | 100.0 |   0.0 |   0.0 |   8.5 |  47.0
               +-------+-------+-------+-------+-------+----------------------

Table legend:
 A = Kills in this place as a percentage of kills in entire the game.
 B = Kills by you in this place as a percentage of kills by you in the entire game.
 C = Kills by friends in this place as a percentage of kills by friends in the entire game.
 D = Other kills in this place as a percentage of other kills in the entire game.
 E = Experience gained in this place as a percentage of experience gained in the entire game.
 F = Experience gained in this place divided by the number of levels of this place that you have seen.
                   A       B       C       D       E      F
               +-------+-------+-------+-------+-------+----------------------
         Total | 100.0 | 100.0 |  -nan |  -nan | 100.0 |   7.0
       Dungeon | 100.0 | 100.0 |  -nan |  -nan | 100.0 |   7.0
               +-------+-------+-------+-------+-------+----------------------
